 Dungeon Crawl Stone Soup version 0.23-a0-389-g4a5eb33 (webtiles) character file.

114 reaverb the Ruffian (level 4, -9/34 (36) HPs)
             Began as a Ghoul Warper on Oct 29, 2018.
             Splashed by Ijyb's acid (20 damage)
             ... on level 3 of the Dungeon.
             The game lasted 00:02:32 (2956 turns).

reaverb the Ruffian (Ghoul Warper)                  Turns: 2956, Time: 00:02:33

HP:   -9/34 (36)    AC:  3    Str: 14    XL:     4   Next: 98%
MP:   5/5           EV: 11    Int:  9    God:
Gold: 106           SH:  0    Dex:  8    Spells: 2/6 levels left

rFire    . . .     SeeInvis .     - Unarmed
rCold    + . .     Gourm    .   (no shield)
rNeg     + + +     Faith    .   a - +0 leather armour
rPois    ∞         Spirit   .   (no helmet)
rElec    .         Reflect  .   g - scarf {repulsion}
rCorr    .         Harm     .   (no gloves)
MR       .....                  (no boots)
Stlth    +.........             (no amulet)
HPRegen  0.00/turn              (no ring)
MPRegen  0.09/turn              (no ring)

@: rotting, repel missiles
A: rotting body, claws 1, carnivore, cold resistance 1, negative energy
resistance 3, inhibited regeneration, torment resistance, unbreathing
a: no special abilities


You were on level 3 of the Dungeon.
You were not hungry.

You visited 1 branch of the dungeon, and saw 3 of its levels.

You collected 106 gold pieces.

Notes
Turn   | Place    | Note
-------+----------+-------------------------------------------
     0 | D:1      | reaverb the Ghoul Warper began the quest for the Orb.
     0 | D:1      | Reached XP level 1. HP: 17/17 MP: 2/2
    16 | D:1      | Huge Dmg: 5 Dmg
   136 | D:1      | Reached XP level 2. HP: 18/22 MP: 3/3
   146 | D:1      | Reached skill level 3 in Unarmed Combat
   568 | D:1      | Huge Dmg: 4 Dmg
   573 | D:1      | Reached XP level 3. HP: 14/25 MP: 4/4
   733 | D:1      | Reached skill level 4 in Unarmed Combat
   737 | D:1      | Huge Dmg: 3 Dmg
   769 | D:1      | Huge Dmg: 3 Dmg
  1520 | D:2      | Huge Dmg: 6 Dmg
  1621 | D:2      | Noticed Terence
  1634 | D:2      | Killed Terence
  1634 | D:2      | Reached XP level 4. HP: 29/33 MP: 5/5
  1654 | D:2      | Reached skill level 5 in Unarmed Combat
  2776 | D:3      | Found a runed door.
  2890 | D:3      | Learned a level 2 spell: Blink
  2893 | D:3      | Learned a level 2 spell: Shroud of Golubria
  2943 | D:3      | Noticed Ijyb
  2956 | D:3      | Splashed by Ijyb's acid

Inventory:

Missiles
 d - 5 tomahawks of dispersal (quivered)
 k - 6 curare-tipped needles
Armour
 a - a +0 leather armour (worn)
 g - a scarf of repulsion (worn)
Jewellery
 b - a cursed ring of teleportation {unknown}
Scrolls
 c - a scroll of blinking
 h - 3 scrolls of identify {unknown}
 j - a scroll of magic mapping {unknown}
 l - a scroll of fog {unknown}
 m - a scroll of teleportation {unknown}
 o - a scroll of remove curse {unknown}
Potions
 e - a potion of haste {unknown}
 i - 3 potions of brilliance {unknown}
 n - a potion of heal wounds {unknown}
 q - a potion of curing {unknown}
Comestibles
 f - 2 rations

Table legend:
 A = Turns spent in this place as a percentage of turns spent in the entire game.
 B = Non-inter-level travel turns spent in this place as a percentage of non-inter-level travel turns spent in the entire game.
 C = Inter-level travel turns spent in this place as a percentage of turns spent in this place.
 D = Turns resting spent in this place as a percentage of non-inter-level travel turns spent in this place.
 E = Turns spent auto-exploring this place as a percentage of non-inter-level travel turns spent in this place.
 F = Non-inter-level travel turns spent in this place divided by the number of levels of this place that you've seen.
                   A       B       C       D       E      F
               +-------+-------+-------+-------+-------+----------------------
         Total | 100.0 | 100.0 |   1.5 |   3.1 |  66.5 | 970.7
       Dungeon | 100.0 | 100.0 |   1.5 |   3.1 |  66.5 | 970.7
               +-------+-------+-------+-------+-------+----------------------


   Skills:
 + Level 2.1 Fighting
 - Level 0.8 Throwing
 - Level 0.8 Armour
 - Level 1.7 Dodging
 + Level 5.5 Unarmed Combat
 - Level 1.7 Spellcasting
 - Level 2.6 Translocations


You had 2 spell levels left.
You knew the following spells:

 Your Spells              Type           Power        Failure   Level  Hunger
a - Blink                 Tloc           N/A          22%         2    ###....
b - Shroud of Golubria    Chrm/Tloc      #.........   36%         2    ###....

Your spell library contained the following spells:

 Spells                   Type           Power        Failure   Level  Hunger
 Gell's Gravitas          Tloc           #.........   38%         3    ####...
 Lesser Beckoning         Tloc           #.........   38%         3    ####...
 Teleport Other           Tloc           #.......     38%         3    ####...
 Passage of Golubria      Tloc           N/A          80%         4    #####..


Dungeon Overview and Level Annotations

Branches:
Dungeon (3/15)

Altars:

Annotations:
D:3 1 runed door, Ijyb


Innate Abilities, Weirdness & Mutations

Your body is rotting away.
You thrive on raw meat.
You are immune to poison.
You have sharp fingernails.
You are carnivorous and can eat meat at any time.
Your flesh is cold resistant. (rC+)
You are immune to negative energy. (rN+++)
You do not regenerate when monsters are visible.
You are immune to unholy pain and torment.
You can survive without breathing.


Message History

The worm bites you.
Damage: -17%(-6hp) hp: 83%(29hp)
You claw the worm!
The worm is severely wounded.
You scratch the worm.
The worm is severely wounded.
The worm closely misses you.
There are monsters nearby!
You claw the worm!
You kill the worm!
You claw the frilled lizard!
You kill the frilled lizard!
There is an open door here.
You see here a worm corpse.
You butcher the worm corpse.
p - 2 chunks of flesh
There is an open door here.
Found a smoky grey potion.
Eating one of 2 chunks of flesh.
You eat one of the 2 chunks of flesh.
You feel more resilient.
This raw flesh tastes great!
A bat comes into view.
You see here 3 gold pieces.
A bat is nearby!
You now have 106 gold pieces (gained 3).
You claw the bat!
You kill the bat!
You open the door.
There is an open door here.
You open the door.
Found 12 gold pieces and a short sword.
There is an open door here.
There is an open door here.
There is an open door here.
Found a runed door.
Found a glowing pink potion.
q - a glowing pink potion You see here a quokka corpse.
You butcher the quokka corpse.
p - 2 chunks of flesh (gained 1)
You see here a quokka skeleton.
Eating one of 2 chunks of flesh.
You eat one of the 2 chunks of flesh.
This raw flesh tastes great!
Eating a chunk of flesh.
You eat the chunk of flesh.
This raw flesh tastes great!
A kobold comes into view. It is wielding a +0 club.
The kobold shouts!
The kobold hits you with a +0 club.
Damage: -11%(-4hp) hp: 89%(32hp)
You scratch the kobold.
The kobold is moderately wounded.
The kobold barely misses you.
You closely miss the kobold.
The kobold is moderately wounded.
The kobold barely misses you.
You barely miss the kobold. The kobold hits you but does no damage.
You closely miss the kobold.
You scratch the kobold but do no damage.
The kobold hits you but does no damage.
You scratch the kobold.
The kobold is severely wounded.
The kobold barely misses you.
You claw the kobold!
You kill the kobold!
You see here a +0 club.
You start resting.
HP restored.
Memorise Blink, consuming 2 spell levels and leaving 4?
You start memorising the spell.
You continue memorising. x2
You finish memorising.
Spell assigned to 'a'.
Memorise Shroud of Golubria, consuming 2 spell levels and leaving 2?
You start memorising the spell.
You continue memorising. x2
You finish memorising.
Spell assigned to 'b'.
Okay, then.
You feel your flesh rotting away.
Damage: -3%(-1hp) hp: 100%(35hp) Unknown command.
Unknown command.
Unknown command.
Unknown command.
You see here a quokka skeleton.
Found a stone staircase leading down.
You feel your flesh rotting away.
There is a stone staircase leading down here.
i - 3 smoky grey potions (gained 1)
Found a stone staircase leading up.
Damage: -3%(-1hp) hp: 100%(34hp)
An orc comes into view. It is wielding a +0 flail.
The orc moves out of view.
Ijyb the Twisted Goblin comes into view.
She is carrying a wand of acid (3).
You aren't carrying any items that you can evoke.
There is a stone staircase leading up here.
Ijyb zaps a wand.
The bolt of acid hits the orc.
The orc is splashed with acid.
The acid corrodes the orc!
The orc dies!
The bolt of acid hits you!
Ouch! That really hurt!
* * * LOW HITPOINT WARNING * * *
You are splashed with acid!
The acid burns!
Ouch! That really hurt!
You die...

#### ...# #+##+#+#
#######.#.# #.##...#
#....@#.#.# #...#..#
###.......#.# #...#..#
.......)..#.# #...##>#
.###.#...##.#####.####.#
...+.g..........## #.# #
### #.............# #.#
#.#.....#...........# #.#
#.....#.#...........###.#
#.......#...........+.#.#


You could see Ijyb.

Table legend:
 A = Kills in this place as a percentage of kills in entire the game.
 B = Kills by you in this place as a percentage of kills by you in the entire game.
 C = Kills by friends in this place as a percentage of kills by friends in the entire game.
 D = Other kills in this place as a percentage of other kills in the entire game.
 E = Experience gained in this place as a percentage of experience gained in the entire game.
 F = Experience gained in this place divided by the number of levels of this place that you have seen.
                   A       B       C       D       E      F
               +-------+-------+-------+-------+-------+----------------------
         Total | 100.0 | 100.0 |   N/A |   N/A | 100.0 |  54.7
       Dungeon | 100.0 | 100.0 |   N/A |   N/A | 100.0 |  54.7
               +-------+-------+-------+-------+-------+----------------------

Vanquished Creatures
  Terence (D:2)
  An adder (D:2)
  4 worms
  A dart slug (D:1)
  2 leopard geckos
  8 bats
  3 giant cockroaches (D:1)
  9 goblins
  5 hobgoblins (D:1)
  9 jackals
  A quokka (D:3)
  6 frilled lizards
  6 kobolds
  6 rats
62 creatures vanquished.

Vanquished Creatures (others)
  An orc (D:3)
1 creature vanquished.

Grand Total: 63 creatures vanquished

Action                   |  1- 3 |  4- 6 || total
-------------------------+-------+-------++-------
Melee: Unarmed           |   149 |    73 ||   222
       Punch             |       |     1 ||     1
  Eat: Chunk             |    10 |     7 ||    17
Armor: Leather armour    |    48 |    13 ||    61
Dodge: Dodged            |    87 |    29 ||   116
